 Dungeon Crawl Stone Soup version 0.23-a0-38-g6d804a8 (webtiles) character file.

324 mopl the Firebug (level 6, -2/32 HPs)
             Began as a Tengu Fire Elementalist on Aug 5, 2018.
             Slain by a goblin (6 damage)
             ... led by Robin
             ... on level 3 of the Dungeon.
             The game lasted 00:06:27 (2465 turns).

mopl the Firebug (Tengu Fire Elementalist)          Turns: 2465, Time: 00:06:27

Health: -2/32      AC:  3    Str:  9    XL:     6   Next: 48%
Magic:  8/12       EV: 12    Int: 17    God:
Gold:   115        SH:  0    Dex: 14    Spells: 4/12 levels left

rFire    + . .     SeeInvis .   n - +0 spear
rCold    + . .     Gourm    .   (no shield)
rNeg     . . .     Faith    .   a - +0 robe
rPois    +         Spirit   .   (helmet restricted)
rElec    +         Reflect  .   (no cloak)
rCorr    +         Harm     .   i - +0 pair of gloves
MR       .....                  (boots unavailable)
Stlth    +.........             (no amulet)
HPRegen  0.10/turn              f - ring of attention (curse)
MPRegen  0.13/turn              (no ring)

@: resistant
A: beak, talons 3, able to fly 1
a: Fly


You were on level 3 of the Dungeon.
You were not hungry.

You visited 1 branch of the dungeon, and saw 3 of its levels.

You collected 115 gold pieces.

Inventory:

Hand Weapons
 n - a +0 spear (weapon)
Missiles
 m - 3 tomahawks (quivered)
 r - 8 poisoned needles
Armour
 a - a +0 robe (worn)
 i - a +0 pair of gloves (worn)
 t - a +0 buckler
Jewellery
 f - a cursed ring of attention (left hand)
Scrolls
 b - 2 scrolls of teleportation
 d - a scroll of identify {unknown}
 e - a scroll of remove curse {unknown}
 g - a scroll of fear {unknown}
 j - 3 scrolls of magic mapping {unknown}
Potions
 h - a potion of resistance
 k - a potion of magic {unknown}
 l - a potion of agility {unknown}
 o - a potion of might {unknown}
 p - a potion of mutation {unknown}
 q - a potion of degeneration {unknown}
Comestibles
 c - 6 rations
 s - 18 chunks of flesh


   Skills:
 - Level 2.1 Dodging
 - Level 2.0 Stealth
 + Level 3.8 Spellcasting
 + Level 4.9 Conjurations
 + Level 5.2 Fire Magic


You had 4 spell levels left.
You knew the following spells:

 Your Spells              Type           Power        Failure   Level  Hunger
a - Flame Tongue          Conj/Fire      ###..        1%          1    None
c - Conjure Flame         Conj/Fire      ###.....     6%          3    ###....
d - Sticky Flame          Conj/Fire      ###.....     21%         4    ####...

Your spell library contained the following spells:

 Spells                   Type           Power        Failure   Level  Hunger
 Fireball                 Conj/Fire      ###.......   50%         5    ######.
 Throw Flame              Conj/Fire      ###...       3%          2    ##.....
 Inner Flame              Hex/Fire       ##......     17%         3    ###....


Dungeon Overview and Level Annotations

Branches:
Dungeon (3/15)

Altars:
Makhleb
Okawaru

Portals:
Sewer: D:3

Annotations:
D:3 Robin


Innate Abilities, Weirdness & Mutations

You have a beak for a mouth.
You have claws for feet.
You can fly.


Message History

The flame tongue hits the hobgoblin.
You kill the hobgoblin!
The goblin hits you with a dagger. The goblin misses you.
Robin roars a battlecry!
The goblins go into a battle-frenzy!
The goblin hits you with a club.
Unknown command.
Robin throws the goblin at you! The goblin hits you but does no damage.
You see here a hobgoblin corpse.
You barely miss the goblin. You claw the goblin.
The goblin is severely wounded.
The goblin hits you with a dagger!
* * * LOW HITPOINT WARNING * * *
The goblin hits you.
* * * LOW HITPOINT WARNING * * *
The goblin completely misses you.
It was a potion of resistance.
You feel protected. The goblin misses you. The goblin hits you.
You die...

### ###
####≈≈###
≈≈≈≈...
≈≈....
w####.g.#
##...ggg#
#...###g#
#..wggg@#
#..g###g#
.. #.#
#.# #.#
#.# #.#
#.# #.#


You could see a worm, Robin, a hobgoblin and 7 goblins.

Vanquished Creatures
  An ice beast (D:2)
  A hound (D:2)
  An orc priest (D:3)
  3 gnolls (D:2)
  4 adders
  3 oozes
  3 worms (D:2)
  2 dart slugs (D:1)
  A leopard gecko (D:3)
  3 orcs (D:3)
  A ball python (D:3)
  2 giant cockroaches
  9 goblins
  13 hobgoblins
  3 jackals (D:2)
  4 kobolds
  A quokka (D:3)
  15 bats
  4 frilled lizards
  5 rats
79 creatures vanquished.

Notes
Turn   | Place    | Note
-------+----------+-------------------------------------------
     0 | D:1      | mopl the Tengu Fire Elementalist began the quest for the Orb.
     0 | D:1      | Reached XP level 1. HP: 10/10 MP: 4/4
   161 | D:1      | Reached XP level 2. HP: 14/15 MP: 1/6
   184 | D:1      | Reached skill level 2 in Conjurations
   496 | D:1      | Reached XP level 3. HP: 13/19 MP: 4/7
   501 | D:1      | Learned a level 3 spell: Conjure Flame
   730 | D:2      | Reached skill level 4 in Fire Magic
   741 | D:2      | Reached skill level 3 in Conjurations
   741 | D:2      | Reached XP level 4. HP: 16/24 MP: 0/9
  1400 | D:2      | Noticed an ice beast
  1486 | D:2      | Killed an ice beast
  1486 | D:2      | Reached skill level 3 in Spellcasting
  1486 | D:2      | Reached skill level 4 in Conjurations
  1486 | D:2      | Gained mutation: You can fly. [Tengu growth]
  1486 | D:2      | Reached XP level 5. HP: 12/28 MP: 4/11
  1492 | D:2      | Learned a level 4 spell: Sticky Flame
  1841 | D:2      | Found a burning altar of Makhleb.
  1844 | D:2      | Reached skill level 5 in Fire Magic
  1844 | D:2      | Reached XP level 6. HP: 28/32 MP: 7/12
  2284 | D:3      | Found an iron altar of Okawaru.
  2457 | D:3      | Found a glowing drain.
  2457 | D:3      | Noticed Robin
  2465 | D:3      | Slain by a goblin

Vault maps used:
D:1:      evilmike_arrival_crescent
D:2:      cheibrodos_greedy_goblins, makhleb_heckhound_becter
D:3:      lemuel_round_altar, cheibrodos_sewer_entry_bend, uniq_robin

Skill      XL: |  1  2  3  4  5 |
---------------+----------------+-----
Conjurations   | 2 3 4 |  4.9
Fire Magic     | 4 5 |  5.2
Spellcasting   | 3 |  3.8
Dodging        | |  2.1
Stealth        | |  2.0

Action                   |  1- 3 |  4- 6 || total
-------------------------+-------+-------++-------
Melee: Unarmed           |     6 |     4 ||    10
       Peck              |     1 |     3 ||     4
       Spear             |       |    36 ||    36
       Kick              |       |     9 ||     9
 Cast: Flame Tongue      |    40 |    94 ||   134
       Conjure Flame     |       |     1 ||     1
  Use: Scroll            |       |     1 ||     1
       Potion            |       |     1 ||     1
 Stab: Sleeping          |       |     1 ||     1
  Eat: Chunk             |       |     6 ||     6
Armor: Robe              |     3 |    21 ||    24
Dodge: Dodged            |    14 |    52 ||    66

Table legend:
 A = Spawn XP
 B = Non-spawn XP
 C = Spawn XP percentage of total XP
 D = Spawn monster count
 E = Non-spawn monster count
 F = Spawn count percentage of total count
 G = Total turns spent on level
                    A         B        C        D         E        F      G
               +---------+---------+-------+---------+---------+-------+---------
         Total |       0 |     464 |   0.0 |       0 |      79 |   0.0 |  2465
               +---------+---------+-------+---------+---------+-------+---------
           D:1 |       0 |      41 |   0.0 |       0 |      19 |   0.0 |   668
           D:2 |       0 |     321 |   0.0 |       0 |      36 |   0.0 |  1499
           D:3 |       0 |     102 |   0.0 |       0 |      24 |   0.0 |   298
               +---------+---------+-------+---------+---------+-------+---------
